 Dungeon Crawl Stone Soup version 0.32-a0-422-g28b100f (webtiles) character file.

Game seed: 18354924660952085685

93 skewfiend the Twirler (level 4, -7/38 HPs)
             Began as a Mountain Dwarf Wanderer on Feb 21, 2024.
             Mangled by a gnoll
             ... wielding a +0 halberd
             ... led by a gnoll bouda
              (12 damage)
             ... on level 2 of the Dungeon.
             The game lasted 00:02:38 (1155 turns).

skewfiend the Twirler (Mountain Dwarf Wanderer)     Turns: 1155, Time: 00:02:38

Health: -7/38      AC:  6    Str: 14    XL:     4   Next: 36%
Magic:  13/13      EV: 13    Int:  9    God:
Gold:   66         SH:  0    Dex: 21    Spells: 3/3 levels left

rFire   . . .        k - +0 mace (drain)
rCold   . . .        q - orb {*channel}
rNeg    . . .        b - +2 leather armour
rPois   .            (no helmet)
rElec   .            (no cloak)
rCorr   .            n - +0 pair of gloves
SInv    .            (no boots)
Will    .....        (no amulet)
Stlth   ++           e - +6 ring of dexterity
HPRegen 0.26/turn    o - ring of magical power
MPRegen 0.13/turn

%: channel magic (20%)
@: no status effects
A: runic magic, artefact enchanting
a: no special abilities


You were on level 2 of the Dungeon.
You visited 1 branch of the dungeon, and saw 2 of its levels.

You collected 66 gold pieces.

Inventory:

Hand Weapons
 a - a +0 quarterstaff
 k - a +0 mace of draining (weapon)
 p - a +0 sling
Missiles
 i - 4 javelins
 j - 23 stones (quivered)
Armour
 b - a +2 leather armour (worn)
 n - a +0 pair of gloves (worn)
 q - an orb of energy (worn)
Jewellery
 e - a +6 ring of dexterity (left hand)
 o - a ring of magical power (right hand)
Scrolls
 c - a scroll of fog
 d - a scroll of silence
 f - a scroll of blinking {unknown}
 g - a scroll of teleportation {unknown}
 h - a scroll of acquirement {unknown}
 l - a scroll of vulnerability {unknown}
Potions
 m - a potion of cancellation


   Skills:
 + Level 3.4 Fighting
 * Level 5.0 Staves
 - Level 1.1 Armour
 - Level 2.9 Dodging


You had 3 spell levels left.
You didn't know any spells.
Your spell library contained the following spells:

 Spells                   Type           Power      Damage    Failure   Level
 Ensorcelled Hibernation  Hex/Ice        0%         N/A       75%         2
 Fugue of the Fallen      Necr           0%         N/A       90%         3
 Anguish                  Hex/Necr       0%         N/A       99%         4


Dungeon Overview and Level Annotations

Branches:
Dungeon (2/15)

Altars:


Innate Abilities, Weirdness & Mutations

Your spellcasting is much less encumbered by armour.
You can use scrolls of enchantment on lesser artefacts.


Message History

The gnoll is heavily wounded.
The gnoll hits you with a +4 flail of holy wrath.
You barely miss the gnoll.
The gnoll is heavily wounded.
The gnoll hits you with a +4 flail of holy wrath.
You hit the gnoll but do no damage. You drain the gnoll.
The gnoll is severely wounded.
Your attacks no longer feel as feeble.
The gnoll barely misses you.
You hit the gnoll. You drain the gnoll.
The gnoll is heavily wounded.
The gnoll hits you with a +0 whip.
You hit the gnoll. You drain the gnoll.
You kill the gnoll!
The gnoll hits you with a +4 flail of holy wrath.
The gnoll bouda gazes fiercely through you!
You feel your attacks grow feeble.
You hit the gnoll.
The gnoll is almost dead.
The gnoll hits you with a +4 flail of holy wrath!
You barely miss the gnoll.
The gnoll is almost dead.
The gnoll hits you with a +4 flail of holy wrath!
You are too injured to fight recklessly!
You hit the gnoll but do no damage. You drain the gnoll.
You kill the gnoll!
A gnoll comes into view. It is wielding a +0 halberd.
Your Staves skill increases to level 5!
It was a potion of cancellation.
Your magical effects are unravelling.
You feel magically purged.
Your attacks no longer feel as feeble.
The gnoll closely misses you. The gnoll bouda closely misses you.
You hit the gnoll bouda but do no damage.
The gnoll hits you from afar with a +0 halberd.
* * * LOW HITPOINT WARNING * * *
The gnoll bouda hits you with a +0 whip.
* * * LOW HITPOINT WARNING * * *
The gnoll hits you from afar with a +0 halberd!
You die...

#### ...# ...#
...# .### .#
.# .# ########
.##
#####...@g.#
..#
##.....####g##
.†# #..#####
#..#
#†######.##
#).#
......#..#
#.)g..#
#....#..##
#)....#
##.#...##
#.....#
#...###
#.....# ##..#
......#


You could see a gnoll bouda and a gnoll (swift).

Vanquished Creatures
  2 gnolls (D:2)
  5 dart slugs
  3 orcs (D:2)
  2 endoplasms
  A giant cockroach (D:1)
  2 goblins
  A hobgoblin (D:1)
  6 jackals (D:2)
  A quokka (D:2)
  A ball python (D:1)
  A bat (D:1)
  2 frilled lizards
  4 kobolds (D:1)
  4 rats
35 creatures vanquished.

Notes
Turn   | Place    | Note
-------+----------+-------------------------------------------
     0 | D:1      | skewfiend the Mountain Dwarf Wanderer began the quest for
                  | the Orb.
     0 | D:1      | skewfiend set off with the following items: a +0
                  | quarterstaff, a +2 leather armour, a scroll of fog, a
                  | scroll of silence.
     0 | D:1      | Reached XP level 1. HP: 17/17 MP: 1/1
   171 | D:1      | Reached XP level 2. HP: 25/25 MP: 2/2
   258 | D:1      | Reached skill level 4 in Staves
   493 | D:1      | Reached XP level 3. HP: 28/30 MP: 3/3
  1137 | D:2      | Reached XP level 4. HP: 38/38 MP: 4/4
  1154 | D:2      | Reached skill level 5 in Staves
  1155 | D:2      | Mangled by a gnoll

Illustrated notes

Levels and vault maps discovered:
D:1:      saegor_arrival_simple_b, layout_basic
D:2:      layout_rooms, uniq_terence, uniq_robin

Skill      XL: |  1  2  3  4 |
---------------+-------------+-----
Staves         | 4 5 |  5.0
Fighting       | 3 |  3.4
Armour         | |  1.1
Dodging        | |  2.9

Action                     |  1- 3 |  4- 6 || total
---------------------------+-------+-------++-------
  Melee: Quarterstaff      |    32 |       ||    32
         Mace              |    38 |    14 ||    52
  Throw: Stone             |     3 |       ||     3
    Use: Potion            |       |     1 ||     1
   Stab: Sleeping          |     2 |       ||     2
 Armour: Leather armour    |    33 |    12 ||    45
  Dodge: Dodged            |    35 |     7 ||    42

Table legend: (Time is in decaauts)
 A = Elapsed time spent in this place.
 B = Non-inter-level travel time spent in this place.
 C = Inter-level travel time spent in this place.
 D = Time resting spent in this place.
 E = Time spent auto-exploring this place.
 F = Levels seen in this place.
 G = Mean time per level.
                   A        B        C        D        E       F      G
               +--------+--------+--------+--------+--------+-----+--------+
         Total |   1169 |   1149 |     20 |      0 |    899 |   2 |  584.5 |
       Dungeon |   1169 |   1149 |     20 |      0 |    899 |   2 |  584.5 |
               +--------+--------+--------+--------+--------+-----+--------+

Top non-repeatable levels by time:
     D:1: 984 daAuts
     D:2: 185 daAuts
